 Dungeon Crawl Stone Soup version 0.19-a0-1786-g230130f (webtiles) character file.

6252 4thArraOfDagon the Grappler (level 10, -15/98 HPs)
             Began as a Troll Monk on Oct 3, 2016.
             Was an Elder of the Shining One.
             Demolished by an ogre
             ... wielding a +0 giant spiked club
              (25 damage)
             ... on level 13 of the Dungeon.
             The game lasted 00:10:24 (2394 turns).

4thArraOfDagon the Grappler (Troll Monk)            Turns: 2394, Time: 00:10:25

Health: -15/98     AC:  6    Str: 20 (21) XL:     10   Next: 62%
Magic:  9/12       EV: 12    Int: 11      God:    the Shining One [****..]
Gold:   301        SH:  8    Dex: 11 (12) Spells: 0 memorised, 9 levels left

rFire  . . .     SeeInvis .       - Unarmed
rCold  . . .     Gourm    +     a - +0 robe
rNeg   + + .     Faith    .     (no shield)
rPois  +         Spirit   .     s - +1 hat
rElec  .         Dismiss  .     (no cloak)
rCorr  .         Reflect  .     (gloves unavailable)
MR     +....     Harm     .     (boots unavailable)
Stlth  +......... Clarity  +    (no amulet)
                                (no ring)
                                k - ring of poison resistance

@: divine shield, glowing
A: unfitting armour, antennae 1, claws 3, talons 1, clarity, clever 1, fast
metabolism 3, gourmand, low mp 1, magic resistance 1, regeneration 1, screaming
1, shaggy fur 1, tough skin 2
a: Divine Shield, Cleansing Flame, Renounce Religion


You were on level 13 of the Dungeon.
You worshipped the Shining One.
The Shining One was greatly pleased with you.
You were very full.

You visited 1 branch of the dungeon, and saw 14 of its levels.

You collected 301 gold pieces.

Inventory:

Missiles
 m - 2 throwing nets (quivered)
Armour
 a - a +0 robe (worn)
 s - a +1 hat (worn)
Jewellery
 k - a ring of poison resistance (left claw)
Scrolls
 d - 7 scrolls of remove curse
 e - a scroll of teleportation
 i - a scroll of immolation {unknown}
 n - a scroll of fog {unknown}
 t - 3 scrolls of identify {unknown}
 u - a scroll of magic mapping {unknown}
Potions
 f - a potion of brilliance
 o - a potion of might
Comestibles
 b - 4 bread rations
 j - a meat ration
 l - 3 fruits
 p - a slice of pizza
 r - 3 beef jerkies


   Skills:
 + Level 6.3 Fighting
 + Level 6.5 Dodging
 - Level 1.1 Stealth
 * Level 11.0 Unarmed Combat
 + Level 6.2 Invocations


You had 9 spell levels left.
You didn't know any spells.

Dungeon Overview and Level Annotations

Branches:
Dungeon (14/15) Temple (0/1) D:7 Lair (0/6) D:9 Vaults (0/5) D:13 D:14 Orc: D:9-12

Altars:
Okawaru
Yredelemnul
The Shining One
Lugonu

Shops:
D:13 [

Annotations:
D:10 exclusion: orange crystal statue
D:13 Maurice, Rupert, Urug
D:14 Nessos


Innate Abilities, Weirdness & Mutations

You are too large for most types of armour.
You have claws for hands.
Your metabolism is lightning-fast.
You like to eat raw meat.
Your natural rate of healing is unusually fast.
You are covered in fur. (AC +1)
You have very tough skin. (AC +2)
You have a pair of small antennae on your head.
You have sharp toenails.
You possess an exceptional clarity of mind.
Your mind is acute. (Int +2)
Your magical capacity is low. (-10% MP)
You are resistant to hostile enchantments. (MR+)
You occasionally shout uncontrollably at your foes.


Message History

Unknown command.
Your surroundings suddenly seem different.
An ogre comes into view. It is wielding a giant spiked club.
The ogre shouts!
An orc comes into view.
The orc shouts!
The orc closely misses you.
Found a scroll labeled FELASHOTRYK and a fizzy red potion.
Unknown command.
Unknown command.
You claw the orc!
You kill the orc!
Your divine shield fades away.
Unknown command.
A divine shield forms around you!
You feel slightly less full.
Unknown command.
Unknown command.
You barely miss the ogre.
The ogre hits you with a giant spiked club!!
You die...

.. ..
##########.
..........#
..!.?.....#
..........#
.........(#
..........#
......O@..#
..........#
###########


You could see an ogre.

Vanquished Creatures
  An unseen horror (D:12)
  An ugly thing (D:12)
  A gargoyle (D:12)
  A redback zombie (D:10)
  2 trolls (D:10)
  A hippogriff (D:7)
  A wraith (D:13)
  A vampire (D:12)
  9 humans
  A mottled dragon (D:14)
  A soldier ant (D:14)
  3 ice beasts
  A black bear (D:10)
  4 orc warriors
  2 sky beasts
  A centaur (D:6)
  A bullfrog (D:10)
  4 scorpions
  A howler monkey (D:12)
  4 wights (D:6)
  2 crimson imps
  2 centaur zombies (D:12)
  A quasit (D:10)
  3 orc priests
  A jelly (D:9)
  3 centaur skeletons
  2 iguanas
  6 orc wizards
  8 adders
  2 shadow imps
  A worm (D:6)
  2 dart slugs
  2 leopard geckos
  27 orcs
  3 giant cockroaches
  2 goblins
  3 hobgoblins
  7 jackals
  3 quokkas
  A ball python zombie (D:5)
  3 bats
  3 frilled lizards
  2 kobolds (D:1)
  3 rats
133 creatures vanquished.

Vanquished Creatures (others)
  An orc (D:13)
1 creature vanquished.

Grand Total: 134 creatures vanquished

Notes
Turn   | Place    | Note
-------+----------+-------------------------------------------
     0 | D:1      | 4thArraOfDagon the Troll Monk began the quest for the Orb.
     0 | D:1      | Reached XP level 1. HP: 22/22 MP: 0/0
    99 | D:1      | Reached XP level 2. HP: 26/29 MP: 1/1
   247 | D:2      | Reached skill level 4 in Unarmed Combat
   247 | D:2      | Reached XP level 3. HP: 36/36 MP: 2/2
   259 | D:2      | Found a basalt altar of Yredelemnul.
   402 | D:3      | Found a glowing golden altar of the Shining One.
   415 | D:3      | Became a worshipper of the Shining One
   415 | D:3      | Reached * piety under the Shining One
   415 | D:3      | Reached ** piety under the Shining One
   552 | D:5      | Entered Level 5 of the Dungeon
   553 | D:5      | Reached XP level 4. HP: 44/44 MP: 3/3
   563 | D:5      | Found an iron altar of Okawaru.
   612 | D:5      | Reached skill level 5 in Unarmed Combat
   612 | D:5      | Reached skill level 1 in Invocations
   707 | D:6      | Noticed an ice beast
   717 | D:6      | Reached XP level 5. HP: 38/50 MP: 4/4
   738 | D:6      | Killed an ice beast
   738 | D:6      | Reached XP level 6. HP: 18/61 MP: 6/6
   777 | D:6      | Reached skill level 6 in Unarmed Combat
   877 | D:7      | Reached XP level 7. HP: 62/67 MP: 7/7
  1108 | D:6      | Reached *** piety under the Shining One
  1179 | D:7      | Found a staircase to the Ecumenical Temple.
  1211 | D:7      | HP: 3/67 [orc warrior/dire flail (8)]
  1237 | D:7      | Noticed a hippogriff
  1247 | D:7      | HP: 1/68 [hippogriff (8)]
  1247 | D:7      | The Shining One protects you from harm!
  1264 | D:7      | Killed a hippogriff
  1264 | D:7      | Reached skill level 7 in Unarmed Combat
  1270 | D:7      | Reached XP level 8. HP: 32/78 MP: 9/9
  1276 | D:7      | Gained mutation: You are resistant to hostile enchantments. (MR+) [mutagenic meat]
  1279 | D:7      | Gained mutation: You occasionally shout uncontrollably at your foes. [mutagenic meat]
  1282 | D:7      | Gained mutation: Your mind is acute. (Int +2) [mutagenic meat]
  1430 | D:9      | Found a staircase to the Lair.
  1447 | D:10     | Entered Level 10 of the Dungeon
  1447 | D:10     | Noticed a troll
  1458 | D:10     | Killed a troll
  1508 | D:10     | Noticed a troll
  1516 | D:10     | Killed a troll
  1516 | D:10     | Reached skill level 8 in Unarmed Combat
  1564 | D:10     | Reached XP level 9. HP: 42/87 MP: 11/11
  1641 | D:10     | Reached skill level 5 in Dodging
  1735 | D:10     | Noticed an orange crystal statue
  1759 | D:10     | You fall through a shaft!
  1766 | D:11     | Noticed a cyclops
  1820 | D:12     | Reached skill level 5 in Fighting
  1855 | D:13     | Noticed a cyclops
  1855 | D:13     | Noticed a troll
  1865 | D:12     | Noticed an unseen horror
  1873 | D:12     | Killed an unseen horror
  1873 | D:12     | Reached skill level 9 in Unarmed Combat
  1877 | D:12     | Noticed a gargoyle
  1897 | D:12     | Killed a gargoyle
  1897 | D:12     | Reached skill level 5 in Invocations
  1908 | D:12     | Reached **** piety under the Shining One
  1978 | D:12     | Noticed a green ugly thing
  1989 | D:12     | Killed a cyan ugly thing
  1989 | D:12     | Reached skill level 10 in Unarmed Combat
  1989 | D:12     | Reached XP level 10. HP: 38/98 MP: 13/13
  1990 | D:12     | Noticed a rust devil
  1995 | D:12     | Gained mutation: You possess an exceptional clarity of mind. [mutagenic meat]
  1998 | D:12     | Gained mutation: You have sharp toenails. [mutagenic meat]
  2004 | D:12     | Gained mutation: Your magical capacity is low. (-10% MP) [mutagenic meat]
  2004 | D:12     | Noticed a rust devil
  2005 | D:12     | Found a corrupted altar of Lugonu.
  2164 | D:13     | Found a gate to the Vaults.
  2164 | D:13     | Noticed Urug
  2164 | D:13     | Noticed a centaur warrior
  2164 | D:13     | Noticed Rupert
  2170 | D:14     | Gained mutation: You have a pair of small antennae on your head. [potion of beneficial mutation]
  2194 | D:14     | HP: 2/98 [human (4)]
  2232 | D:14     | Noticed a centaur warrior
  2233 | D:14     | Noticed Nessos
  2233 | D:14     | HP: 3/98 [centaur warrior/arrow (12)]
  2250 | D:13     | HP: 3/98 [wraith (11)]
  2251 | D:13     | The Shining One protects you from harm!
  2357 | D:13     | Noticed Maurice
  2369 | D:13     | Reached skill level 11 in Unarmed Combat
  2385 | D:13     | HP: 4/98 [water elemental (5)]
  2386 | D:13     | Found Suitic's Antique Armour Emporium.
  2394 | D:13     | Demolished by an ogre

Vault maps used:
D:1:      erik_arrival_gehennom
D:2:      yredelemnul_altar_generic, first_bread, grunt_ministairs_7
D:3:      tso_metal_star, lemuel_coloured_pillars_altar, uniq_crazy_yiuf_cottage
D:4:      lemuel_blue_sif_altar
D:5:      mumra_celtic_spiral_tile, nicolae_overflow_crystal_walls,
          marbit_many_paths, okawaru_trees_1, old_standard_altar,
          uniq_blork_the_orc
D:7:      kennysheep_mini
D:8:      vehumet_crystals, kennysheep_mini_moat, the_bakery, hex_intersection
D:9:      old_standard_altar, lemuel_crystal_altar, dpeg_oklobed_lair,
          orc_0_dummy, eino_small_chamber_without_monster, trog_wizard
D:10:     minivault_5, minivault_16
D:11:     nicolae_trove_entry_crossroad
D:12:     lemuel_hellish_altar
D:13:     lemuel_flame_loot_2, david_vaults_3, serial_shops, shop,
          grunt_ministairs_12, minmay_misc_feat_encased, kennysheep_boxes,
          uniq_maurice
D:14:     minivault_24, uniq_nessos

Skill      XL: |  1  2  3  4  5  6  7  8  9 10 |
---------------+-------------------------------+-----
Unarmed Combat | 4 5 6 7 8 10 11 | 11.0
Invocations    | 1 2 3 4 5 6 |  6.2
Fighting       | 3 4 5 6 |  6.3
Dodging        | 3 4 5 6 |  6.5
Stealth        | |  1.1

Action                   |  1- 3 |  4- 6 |  7- 9 | 10-12 || total
-------------------------+-------+-------+-------+-------++-------
Melee: Unarmed           |    71 |    41 |   189 |    99 ||   400
       Punch             |       |       |     5 |     7 ||    12
       Kick              |       |       |       |    26 ||    26
Invok: Divine Shield     |       |       |       |     4 ||     4
  Use: Potion            |       |       |     8 |     3 ||    11
       Scroll            |       |       |     2 |     6 ||     8
 Stab: Sleeping          |     1 |       |       |       ||     1
  Eat: Chunk             |     9 |       |    17 |     6 ||    32
       Pizza             |       |       |       |     1 ||     1
Armor: Robe              |    30 |     1 |    46 |    20 ||    97
       Skin              |       |       |    20 |       ||    20
Dodge: Dodged            |    32 |    10 |    75 |    45 ||   162
Block: Other             |       |       |       |     6 ||     6
